 Dungeon Crawl Stone Soup version 0.24-a0-201-gf205589 (webtiles) character file.

Game seed: 4927030839990685686

175 Inarius the Chopper (level 5, -14/61 HPs)
             Began as a Demonspawn Monk on Mar 19, 2019.
             Killed by divine providence
             ... invoked by an orc priest
              (16 damage)
             ... on level 3 of the Dungeon.
             The game lasted 00:04:46 (3318 turns).

Inarius the Chopper (Demonspawn Monk)               Turns: 3318, Time: 00:04:48

Health: -14/61     AC: 22    Str: 13    XL:     5   Next: 29%
Magic:  5/5        EV:  2    Int: 11    God:
Gold:   78         SH:  0    Dex: 15    Spells: 4/4 levels left

rFire    . . .     SeeInvis .   a - +0 hand axe
rCold    . . .     Gourm    .   (no shield)
rNeg     + + +     Faith    .   (armour currently unavailable)
rPois    +         Spirit   .   (helmet currently unavailable)
rElec    .         Reflect  .   (cloak currently unavailable)
rCorr    .         Harm     .   (gloves currently unavailable)
MR       +....     NoTele   +   (boots currently unavailable)
Stlth    ++........             (no amulet)
HPRegen  0.20/turn              f - ring of protection from magic
MPRegen  0.09/turn              (no ring)

@: tree-form
A: no striking features
a: no special abilities


You were on level 3 of the Dungeon.
You were not hungry.
You were a tree.
You visited 1 branch of the dungeon, and saw 3 of its levels.

You collected 78 gold pieces.

Inventory:

Hand Weapons
 a - a +0 hand axe (weapon)
 k - a +1 dagger of freezing
Armour
 i - a cursed +0 ring mail (melded)
 n - a +0 cloak (melded)
Jewellery
 f - a ring of protection from magic (left branch)
Scrolls
 b - a scroll of blinking {unknown}
 d - a scroll of random uselessness {unknown}
 e - 2 scrolls of immolation {unknown}
 l - a scroll of magic mapping {unknown}
Potions
 g - a potion of heal wounds {unknown}
 h - a potion of lignification
 m - a potion of haste {unknown}
Comestibles
 c - 4 rations
 j - a chunk of flesh


   Skills:
 + Level 3.6 Fighting
 + Level 4.1 Axes
 + Level 1.8 Armour
 + Level 3.3 Dodging
 + Level 2.1 Stealth


You had 4 spell levels left.
You didn't know any spells.
Your spell library contained the following spells:

 Spells                   Type           Power        Failure   Level  Hunger
 Magic Dart               Conj           #...         34%         1    ##.....
 Blink                    Tloc           N/A          47%         2    ###....
 Call Imp                 Summ           #.......     47%         2    ###....
 Slow                     Hex            #.......     47%         2    ###....
 Conjure Flame            Conj/Fire      #.......     71%         3    ####...
 Mephitic Cloud           Conj/Pois/Air  #.......     71%         3    ####...


Dungeon Overview and Level Annotations

Branches:
Dungeon (3/15)

Altars:
Lugonu

Portals:
Abyss: D:1


Innate Abilities, Weirdness & Mutations

((You have a pair of small horns on your head.))
((You are partially covered in sharp spines.))
((Your movements are slightly less encumbered by armour. (ER -2)))


Message History

You kill the orc!
An orc comes into view. It is wielding a +0 flail.
The orc priest invokes the aid of Beogh against you.
Beogh smites you!
The orc priest miscasts a cantrip.
The orc priest invokes the aid of Beogh against you.
Beogh smites you!
* * * LOW HITPOINT WARNING * * *
The orc wizard mumbles some strange words.
The orc wizard seems to speed up.
The orc wizard gestures at you while chanting.
The magic dart hits you!
* * * LOW HITPOINT WARNING * * *
It was a potion of lignification.
You turn into a tree.
Your +0 cloak melds into your body.
Your cursed +0 ring mail melds into your body.
Your roots penetrate the ground.
The orc priest mumbles some strange prayers to Beogh against you.
Beogh smites you!
You die...

#.'.....+......+ .......
###.....##.....# ....... #
#.....##...#.# ....... #
#.....##...#.# #...#...# #
#.....#....#.####...#...##
#
##....#...##>.............
#
####......#..............
# ................?.......
# ............♣......#....
# ......................#
# ..........[......)....#
# .#########.....o......#
# #.......)....# #
#...>..oo....# #
#.#...#....#.# #
#........o.# #
#............


You could see an orc priest, 2 orc wizards and an orc.

Vanquished Creatures
  An orc priest (D:3)
  6 adders
  An ooze (D:3)
  2 worms (D:2)
  6 dart slugs
  7 orcs (D:3)
  2 giant cockroaches
  5 goblins
  2 hobgoblins (D:1)
  4 jackals (D:2)
  10 kobolds
  2 quokkas (D:2)
  A ball python (D:1)
  8 bats
  A frilled lizard (D:1)
  8 rats
66 creatures vanquished.

Notes
Turn   | Place    | Note
-------+----------+-------------------------------------------
     0 | D:1      | Inarius the Demonspawn Monk began the quest for the Orb.
     0 | D:1      | Reached XP level 1. HP: 18/18 MP: 1/1
    44 | D:1      | Found a corrupted altar of Lugonu.
    44 | D:1      | Found a one-way gate to the infinite horrors of the Abyss.
    44 | D:1      | Noticed an iron imp
    44 | D:1      | Noticed a quasit
    44 | D:1      | Noticed a quasit
    44 | D:1      | Noticed a quasit
    44 | D:1      | Noticed a quasit
    44 | D:1      | Noticed a quasit
    44 | D:1      | Noticed a quasit
    44 | D:1      | Noticed a demonic crawler
    48 | D:1      | Noticed a quasit
    53 | D:1      | Noticed a quasit
   309 | D:1      | Gained mutation: Your movements are slightly less
                  | encumbered by armour. (ER -2) [demonic ancestry]
   309 | D:1      | Reached XP level 2. HP: 24/24 MP: 2/2
   315 | D:1      | Reached skill level 3 in Axes
  1357 | D:2      | Gained mutation: You have a pair of small horns on your
                  | head. [demonic ancestry]
  1357 | D:2      | Reached XP level 3. HP: 22/29 MP: 3/3
  2558 | D:2      | Gained mutation: You are partially covered in sharp spines.
                  | [demonic ancestry]
  2558 | D:2      | Reached XP level 4. HP: 29/35 MP: 4/4
  2595 | D:2      | Reached skill level 1 in Armour
  2924 | D:3      | Reached skill level 4 in Axes
  2924 | D:3      | Reached XP level 5. HP: 5/41 MP: 5/5
  3316 | D:3      | HP: 1/41 [orc wizard/magic dart (10)]
  3318 | D:3      | Killed from afar by an orc priest

Levels and vault maps discovered:
D:1:      erik_arrival_cave_to_civilisation [erik_arrival_cave_to_temple],
          layout_basic, chequers_garden, due_unseen_surprise
D:2:      layout_basic
D:3:      corexii_shack_village, layout_basic, lemuel_tele_altar

Skill      XL: |  1  2  3  4 |
---------------+-------------+-----
Axes           | 3 4 |  4.1
Dodging        | 3 |  3.3
Stealth        | 2 |  2.1
Armour         | 1 |  1.8
Fighting       | |  3.6

Action                   |  1- 3 |  4- 6 || total
-------------------------+-------+-------++-------
Melee: Hand axe          |   130 |    52 ||   182
       Headbutt          |    10 |    10 ||    20
  Use: Potion            |       |     1 ||     1
 Stab: Sleeping          |     4 |       ||     4
  Eat: Chunk             |     5 |     3 ||     8
Armor: Robe              |     5 |       ||     5
       Ring mail         |    33 |    22 ||    55
Dodge: Dodged            |    92 |    47 ||   139

Table legend:
 A = Non-vault XP
 B = Vault XP
 C = Vault XP percentage of total XP
 D = Non-vault monster count
 E = Vault monster count
 F = Vault count percentage of total count
                 A         B        C        D         E       F
            +---------+---------+-------+---------+---------+-------
      Total |     247 |       3 |   1.2 |      64 |       2 |   3.0
            +---------+---------+-------+---------+---------+-------
        D:1 |      36 |       3 |   7.7 |      21 |       2 |   8.7
        D:2 |     127 |       0 |   0.0 |      32 |       0 |   0.0
        D:3 |      84 |       0 |   0.0 |      11 |       0 |   0.0
            +---------+---------+-------+---------+---------+-------
